 Dungeon Crawl Stone Soup version 0.30-a0-329-g85436e0 (webtiles) character file.

Game seed: 8874472198359536826

310 Sixotanaka the Slicer (level 6, 0/57 HPs)
             Began as a Gnoll Wanderer on Oct 28, 2022.
             Killed by divine providence
             ... invoked by an orc priest
              (14 damage)
             ... on level 4 of the Dungeon.
             The game lasted 00:06:52 (3052 turns).

Sixotanaka the Slicer (Gnoll Wanderer)              Turns: 3052, Time: 00:06:53

Health: 0/57       AC:  4    Str: 11    XL:     6   Next: 41%
Magic:  7/9        EV: 16    Int: 13    God:
Gold:   298        SH:  0    Dex: 12    Spells: 6/9 levels left

rFire   . . .      SeeInvis .    a - +3 short sword
rCold   . . .      Faith    .    (no shield)
rNeg    . . .      Spirit   .    n - +0 leather armour
rPois   .          Reflect  .    (no helmet)
rElec   .          Harm     .    b - +0 cloak
rCorr   .          Rampage  .    (no gloves)
Will    .....                    (no boots)
Stlth   ++........               s - amulet of magic regeneration
HPRegen 0.29/turn                f - +4 ring of evasion
MPRegen 0.51/turn                i - ring of flight

@: flying, very slightly contaminated
A: fangs 1, strong nose, distributed training
a: no special abilities


You were on level 4 of the Dungeon.
You visited 1 branch of the dungeon, and saw 4 of its levels.

You collected 298 gold pieces.

Inventory:

Hand Weapons
 a - a +3 short sword (weapon)
Missiles
 j - 4 boomerangs of dispersal (quivered)
 l - 2 javelins
Armour
 b - a +0 cloak (worn)
 n - a +0 leather armour (worn)
Jewellery
 f - a +4 ring of evasion (left hand)
 i - a ring of flight (right hand)
 s - an amulet of magic regeneration (around neck)
Scrolls
 d - 2 scrolls of teleportation
 o - 4 scrolls of immolation
 q - a scroll of vulnerability {unknown}
 r - 2 scrolls of enchant armour
Potions
 c - a potion of invisibility
 e - a potion of might {unknown}
 h - a potion of heal wounds {unknown}
 k - 2 potions of ambrosia
 m - a potion of magic {unknown}
 p - a potion of flight {unknown}
 t - 2 potions of resistance
 u - 2 potions of curing


   Skills:
 + Level 8.8 Fighting
 + Level 8.8 Short Blades
 + Level 2.0 Long Blades
 + Level 2.0 Axes
 + Level 2.0 Maces & Flails
 + Level 2.0 Polearms
 + Level 2.0 Staves
 + Level 2.0 Ranged Weapons
 + Level 2.0 Throwing
 + Level 3.3 Armour
 + Level 3.3 Dodging
 + Level 2.0 Stealth
 + Level 2.0 Shields
 + Level 2.0 Unarmed Combat
 + Level 2.0 Spellcasting
 + Level 1.6 Conjurations
 + Level 1.6 Hexes
 + Level 1.6 Summonings
 + Level 1.6 Necromancy
 + Level 1.6 Translocations
 + Level 1.6 Transmutations
 + Level 1.6 Fire Magic
 + Level 1.6 Ice Magic
 + Level 1.6 Air Magic
 + Level 1.6 Earth Magic
 + Level 1.6 Poison Magic
 + Level 2.2 Invocations
 + Level 2.0 Evocations


You had 6 spell levels left.
You knew the following spells:

 Your Spells              Type           Power      Damage    Failure   Level
a - Foxfire               Conj/Fire      20%        2x1d5     17%         1
b - Blink                 Tloc           10%        N/A       26%         2

Your spell library contained the following spells:

 Spells                   Type           Power      Damage    Failure   Level
 Momentum Strike          Conj/Tloc      10%        3d8       26%         2
 Hailstorm                Conj/Ice       5%         3d4       45%         3
 Lesser Beckoning         Tloc           10%        N/A       45%         3
 Stone Arrow              Conj/Erth      10%        3d7       45%         3
 Animate Armour           Summ/Erth      10%        N/A       86%         4
 Ice Form                 Ice/Tmut       5%         N/A       86%         4
 Fireball                 Conj/Fire      2%         3d4       99%         5
 Simulacrum               Ice/Necr       2%         N/A       100%        6
 Starburst                Conj/Fire      2%         6d3       100%        6
 Lehudib's Crystal Spear  Conj/Erth      2%         10d2      100%        8


Dungeon Overview and Level Annotations

Branches:
Dungeon (4/15)
 Temple: D:4-7

Altars:
Elyvilon

Annotations:
D:3 3 runed translucent doors, Wizard1ke's ghost, amateur VSMo


Innate Abilities, Weirdness & Mutations

You have very sharp teeth.
Your uncanny sense of smell can sniff out nearby items.
Your experience applies equally to all skills.


Message History

Casting: Foxfire (safe; 17% risk of failure)
Confirm with . or Enter, or press ? or * to list all spells.
You conjure some foxfire!
The orc priest shouts!
You hear a shout!
The orc priest invokes the aid of Beogh against you.
Beogh smites you!
Casting: Foxfire (safe; 17% risk of failure)
Confirm with . or Enter, or press ? or * to list all spells.
You miscast Foxfire.
You are very lightly contaminated with residual magic.
Nothing appears to happen.
Casting: Foxfire (safe; 17% risk of failure)
Confirm with . or Enter, or press ? or * to list all spells.
You conjure some foxfire!
The foxfire hits the orc priest.
The orc priest is lightly wounded.
The orc priest calls down the wrath of Beogh upon you.
Beogh smites you!
Casting: Foxfire (safe; 17% risk of failure)
Confirm with . or Enter, or press ? or * to list all spells.
You miscast Foxfire.
Nothing appears to happen.
The foxfire hits the orc priest.
The orc priest is heavily wounded.
The orc priest casts a cantrip, but nothing happens.
Unknown command.
Unknown command.
Casting: Foxfire (safe; 17% risk of failure)
Confirm with . or Enter, or press ? or * to list all spells.
You conjure some foxfire!
The foxfire hits the orc priest but does no damage.
The orc priest is heavily wounded.
The orc priest calls down the wrath of Beogh upon you.
Beogh smites you!
* * * LOW HITPOINT WARNING * * *
The foxfire hits the orc priest.
The orc priest is heavily wounded.
The foxfire hits the orc priest.
The orc priest is severely wounded.
The orc priest mumbles some strange prayers to Beogh against you.
Beogh smites you!
You die...

.#...#≈...#§.≈# #.#
.#...#§.###..≈###########.#
.#...#≈..###.≈#......#....#
>o...#≈§.#...≈######.#.####
.#####≈≈§...≈§# #.#.# .#
##≈§≈.≈≈#### #.#.# .#
####'###..# #.#.# .#
###........####.#.# ##
..........§.@....#.#
#.#.......§§#).....# #
#.......§§#[######
#.#.....§§#<# #?#.......###
#.#....§.o. #......o##
#.......# #.###.... ∆


You could see 2 orc priests.

Vanquished Creatures
  An ogre (D:4)
  A bullfrog (D:4)
  An iguana (D:3)
  5 adders
  A worm (D:3)
  A dart slug (D:3)
  9 orcs
  6 bats
  2 endoplasms
  3 giant cockroaches
  12 goblins
  12 hobgoblins
  5 kobolds
  2 quokkas
  8 ball pythons
  3 frilled lizards
  2 rats (D:1)
74 creatures vanquished.

Vanquished Creatures (others)
  17 foxfires (D:4)
17 creatures vanquished.

Grand Total: 91 creatures vanquished

Notes
Turn   | Place    | Note
-------+----------+-------------------------------------------
     0 | D:1      | Sixotanaka the Gnoll Wanderer began the quest for the Orb.
     0 | D:1      | Sixotanaka set off with the following items: a +3 short
                  | sword, a +0 cloak, a potion of invisibility, a +0 robe.
     0 | D:1      | Reached XP level 1. HP: 26/26 MP: 1/1
   193 | D:1      | Reached XP level 2. HP: 33/33 MP: 2/2
   524 | D:1      | Found a faded altar of an unknown god.
   768 | D:1      | Reached XP level 3. HP: 38/38 MP: 3/3
  1208 | D:2      | Reached skill level 1 in Invocations
  1281 | D:2      | Reached skill level 1 in Long Blades
  1281 | D:2      | Reached skill level 1 in Axes
  1281 | D:2      | Reached skill level 1 in Maces & Flails
  1281 | D:2      | Reached skill level 1 in Polearms
  1281 | D:2      | Reached skill level 1 in Staves
  1281 | D:2      | Reached skill level 1 in Ranged Weapons
  1281 | D:2      | Reached skill level 1 in Throwing
  1281 | D:2      | Reached skill level 1 in Stealth
  1281 | D:2      | Reached skill level 1 in Shields
  1281 | D:2      | Reached skill level 1 in Unarmed Combat
  1281 | D:2      | Reached skill level 1 in Spellcasting
  1281 | D:2      | Reached skill level 1 in Evocations
  1499 | D:2      | Reached XP level 4. HP: 43/45 MP: 5/5
  1776 | D:3      | Found a runed translucent gate.
  1776 | D:3      | Found a runed translucent gate.
  1776 | D:3      | Found a runed translucent gate.
  1777 | D:3      | Noticed Wizard1ke's ghost (amateur VSMo)
  1818 | D:3      | Reached skill level 1 in Conjurations
  1818 | D:3      | Reached skill level 1 in Hexes
  1818 | D:3      | Reached skill level 1 in Summonings
  1818 | D:3      | Reached skill level 1 in Necromancy
  1818 | D:3      | Reached skill level 1 in Translocations
  1818 | D:3      | Reached skill level 1 in Transmutations
  1818 | D:3      | Reached skill level 1 in Fire Magic
  1818 | D:3      | Reached skill level 1 in Ice Magic
  1818 | D:3      | Reached skill level 1 in Air Magic
  1818 | D:3      | Reached skill level 1 in Earth Magic
  1818 | D:3      | Reached skill level 1 in Poison Magic
  1899 | D:3      | Found a white marble altar of Elyvilon.
  2146 | D:4      | Noticed an ogre
  2206 | D:3      | Reached XP level 5. HP: 37/51 MP: 5/7
  2387 | D:4      | Noticed a black bear
  2551 | D:4      | Learned a level 2 spell: Blink
  2553 | D:4      | Learned a level 1 spell: Foxfire
  2790 | D:4      | Reached XP level 6. HP: 54/57 MP: 8/8
  2806 | D:4      | Noticed an orc warrior
  3052 | D:4      | Killed from afar by an orc priest

Illustrated notes

Levels and vault maps discovered:
D:1:      minmay_arrival_solitary_statue, layout_loops_corners,
          shapermc_ecumenical_altar_mp_highgroup, chequers_big_river
D:2:      cheibrodos_greedy_goblins, layout_basic
D:3:      layout_rooms, elyvilon_altar_5, gammafunk_ghost_necromancy,
          reono_crystal_passage
D:4:      layout_basic, grunt_ministairs_8, kennysheep_another_room,
          minmay_surrounded

Skill      XL: |  1  2  3  4  5  6 |
---------------+-------------------+-----
Invocations    | 1 2 |  2.2
Long Blades    | 1 2 |  2.0
Axes           | 1 2 |  2.0
Maces & Flails | 1 2 |  2.0
Polearms       | 1 2 |  2.0
Staves         | 1 2 |  2.0
Ranged Weapons | 1 2 |  2.0
Throwing       | 1 2 |  2.0
Stealth        | 1 2 |  2.0
Shields        | 1 2 |  2.0
Unarmed Combat | 1 2 |  2.0
Spellcasting   | 1 2 |  2.0
Evocations     | 1 2 |  2.0
Conjurations   | 1 |  1.6
Hexes          | 1 |  1.6
Summonings     | 1 |  1.6
Necromancy     | 1 |  1.6
Translocations | 1 |  1.6
Transmutations | 1 |  1.6
Fire Magic     | 1 |  1.6
Ice Magic      | 1 |  1.6
Air Magic      | 1 |  1.6
Earth Magic    | 1 |  1.6
Poison Magic   | 1 |  1.6
Armour         | 3 |  3.3
Dodging        | 3 |  3.3
Fighting       | |  8.8
Short Blades   | |  8.8

Action                   |  1- 3 |  4- 6 || total
-------------------------+-------+-------++-------
Melee: Short sword       |    95 |   138 ||   233
       Bite              |     8 |    19 ||    27
       Punch             |       |     5 ||     5
Throw: Dart              |     2 |       ||     2
 Cast: Foxfire           |       |    14 ||    14
  Use: Scroll            |       |     6 ||     6
 Stab: Sleeping          |     2 |       ||     2
Armor: Robe              |     7 |       ||     7
       Leather armour    |     2 |    16 ||    18
Dodge: Dodged            |    64 |    78 ||   142

Table legend: (Time is in decaauts)
 A = Elapsed time spent in this place.
 B = Non-inter-level travel time spent in this place.
 C = Inter-level travel time spent in this place.
 D = Time resting spent in this place.
 E = Time spent auto-exploring this place.
 F = Levels seen in this place.
 G = Mean time per level.
                   A        B        C        D        E       F      G
               +--------+--------+--------+--------+--------+-----+--------+
         Total |   2956 |   2856 |    100 |    351 |   1714 |   4 |  739.0 |
       Dungeon |   2956 |   2856 |    100 |    351 |   1714 |   4 |  739.0 |
               +--------+--------+--------+--------+--------+-----+--------+

Top non-repeatable levels by time:
     D:1: 990 daAuts
     D:4: 808 daAuts
     D:2: 632 daAuts
     D:3: 524 daAuts
